 Dungeon Crawl Stone Soup version 0.31-a0-145-g046c7d2549 (webtiles) character file.

Game seed: 8088504323276881136

1071 Faragor the Magician (level 8, -2/41 HPs)
             Began as a Deep Elf Hedge Wizard on June 6, 2023.
             Was an Initiate of Sif Muna.
             Slain by a water moccasin (4 damage)
             ... on level 8 of the Dungeon.
             The game lasted 00:34:51 (10875 turns).

Faragor the Magician (Deep Elf Hedge Wizard)       Turns: 10875, Time: 00:34:51

Health: -2/41      AC: 13    Str:  7    XL:     8   Next: 7%
Magic:  21/21      EV: 13    Int: 22    God:    Sif Muna [......]
Gold:   304        SH:  0    Dex: 14    Spells: 1/22 levels left

rFire   . . .        v - +2 falchion (protect)
rCold   . . .        (no shield)
rNeg    + . .        b - +0 robe
rPois   .            o - +2 hat
rElec   .            (no cloak)
rCorr   .            x - +0 pair of gloves
SInv    .            e - +0 pair of boots
Will    .....        (no amulet)
Stlth   +++          n - ring of positive energy
HPRegen 0.26/turn    (no ring)
MPRegen 0.17/turn

%: no passive effects
@: under a protective aura
A: no striking features
a: Renounce Religion


You were on level 8 of the Dungeon.
You worshipped Sif Muna.
Sif Muna was noncommittal.
You visited 2 branches of the dungeon, and saw 9 of its levels.

You collected 304 gold pieces.

Inventory:

Hand Weapons
 a - a +0 dagger
 k - a +1 dagger of flaming
 q - the +8 sling "Feojozor" {speed, rCorr}
   (You found it on level 3 of the Dungeon)

   rCorr:     It protects you from acid and corrosion.
 v - a +2 falchion of protection (weapon)
Missiles
 f - 2 throwing nets
Armour
 b - a +0 robe (worn)
 c - a +0 hat
 e - a +0 pair of boots (worn)
 o - a +2 hat (worn)
 x - a +0 pair of gloves (worn)
Jewellery
 m - a ring of fire
 n - a ring of positive energy (left hand)
Wands
 j - a wand of quicksilver (2)
 s - a wand of polymorph (9)
 w - a wand of digging (6)
 y - a wand of flame (2)
Scrolls
 g - a scroll of teleportation {unknown}
 h - 2 scrolls of amnesia
 i - a scroll of poison {unknown}
 t - 3 scrolls of immolation {unknown}
 u - 2 scrolls of identify
Potions
 d - a potion of magic
 l - a potion of might {unknown}
 p - 4 potions of curing {unknown}
 r - 3 potions of degeneration {unknown}
 z - a potion of attraction {unknown}
 A - a potion of brilliance


   Skills:
 - Level 3.0 Dodging
 + Level 5.5 Stealth
 * Level 7.9 Spellcasting
 + Level 4.1 Conjurations
 - Level 3.2 Summonings
 * Level 3.3 Necromancy
 + Level 4.0 Translocations


You had one spell level left.
You knew the following spells:

 Your Spells              Type           Power      Damage    Failure   Level
a - Magic Dart            Conj           100%       1d8       1%          1
b - Blink                 Tloc           52%        N/A       1%          2
c - Call Imp              Summ           46%        N/A       3%          2
d - Mephitic Cloud        Conj/Pois/Air  14%        N/A       13%         3
e - Dispel Undead         Necr           23%        3d12      19%         4
f - Borgnjor's Vile Clut  Necr/Erth      8%         N/A       71%         5
g - Passage of Golubria   Tloc           26%        N/A       14%         4

Your spell library contained the following spells:

 Spells                   Type           Power      Damage    Failure   Level
 Kiss of Death            Conj/Necr      100%       2d13      1%          1
 Slow                     Hex            32%        N/A       8%          1
 Cigotuvi's Dreadful Rot  Necr/Pois/Air  26%        N/A       7%          2
 Confusing Touch          Hex            8%         N/A       22%         3
 Alistair's Intoxication  Tmut/Pois      5%         N/A       91%         5
 Silence                  Hex/Air        4%         N/A       91%         5
 Eringya's Noxious Bog    Tmut/Pois      4%         N/A       100%        6
 Lehudib's Crystal Spear  Conj/Erth      8%         10d4      100%        8


Dungeon Overview and Level Annotations

Branches:
Dungeon (8/15)             Temple (1/1) D:5
   Lair: D:8-11

Altars:
Ashenzari
Cheibriados
Dithmenos
Fedhas
Gozag
Hepliaklqana
Nemelex Xobeh
Qazlal
Ru
Sif Muna
Trog
Uskayaw
Vehumet
Xom
Zin

Annotations:
D:6 1 runed translucent door, goupaloupa's ghost, novice DsFi
D:7 2 runed translucent doors


Message History

The water moccasin misses you.
You barely miss the water moccasin.
The water moccasin is moderately wounded.
You feel sick.
The water moccasin completely misses you.
The water moccasin closely misses you.
You closely miss the water moccasin.
The water moccasin is moderately wounded.
You feel sick. The water moccasin bites you.
* * * LOW HITPOINT WARNING * * *
The water moccasin closely misses you.
Aiming: Throw Flame
Press: ? - help, Shift-Dir - straight line, f - water moccasin
Aim: a water moccasin (moderately wounded, 48% to hit)
The puff of flame misses the water moccasin.
You feel sick. The water moccasin closely misses you.
You hit the water moccasin but do no damage.
The water moccasin is moderately wounded.
You feel sick.
The water moccasin completely misses you.
The water moccasin bites you but does no damage.
You slash the water moccasin!
The water moccasin is severely wounded.
You feel sick.
You are no longer poisoned.
The water moccasin closely misses you.
The water moccasin bites you but does no damage.
You hit the water moccasin but do no damage.
The water moccasin is severely wounded.
The water moccasin bites you but does no damage.
You barely miss the water moccasin.
The water moccasin is severely wounded.
The water moccasin bites you.
* * * LOW HITPOINT WARNING * * *
The water moccasin bites you but does no damage.
Unknown command.
You closely miss the water moccasin.
The water moccasin is severely wounded.
The water moccasin bites you.
You die...

##########
.zzzz...z# #.# #z#
####### ##### #.#
#.....# #...# #.#
#.###S####.#.###.#
#..)@...[..#..z..#
##################


You could see a water moccasin.

Vanquished Creatures
  A water moccasin (D:5)
  A black bear (D:5)
  A phantom (D:6)
  A bullfrog (D:7)
  4 hounds
  2 jellies
  An orc priest (D:5)
  A sleepcap (D:6)
  An iguana (D:5)
  2 orc wizards (D:5)
  10 adders
  A worm (D:3)
  11 orcs
  4 endoplasms
  4 giant cockroaches
  7 goblins
  12 hobgoblins
  3 jackals (D:2)
  3 quokkas
  6 ball pythons
  A bat (D:2)
  2 frilled lizards
  9 kobolds
  6 rats
94 creatures vanquished.

Vanquished Creatures (collateral kills)
  A sky beast (D:6)
  An ogre (D:6)
  A jelly (D:6)
  An iguana (D:6)
  An adder (D:6)
5 creatures vanquished.

Grand Total: 99 creatures vanquished

Notes
Turn   | Place    | Note
-------+----------+-------------------------------------------
     0 | D:1      | Faragor the Deep Elf Hedge Wizard began the quest for the
                  | Orb.
     0 | D:1      | Reached XP level 1. HP: 10/10 MP: 7/7
   365 | D:1      | Reached XP level 2. HP: 15/15 MP: 0/9
  1341 | D:2      | Reached XP level 3. HP: 19/19 MP: 8/11
  1420 | D:2      | Learned a level 2 spell: Blink
  1423 | D:2      | Learned a level 2 spell: Call Imp
  1848 | D:2      | Learned a level 3 spell: Mephitic Cloud
  2219 | D:2      | Found a broken altar of Ashenzari.
  2328 | D:2      | Reached XP level 4. HP: 24/24 MP: 6/12
  3011 | D:3      | Reached skill level 5 in Spellcasting
  3065 | D:3      | Learned a level 4 spell: Dispel Undead
  3406 | D:3      | Found a faded altar of an unknown god.
  3774 | D:3      | Identified the +8 sling "Feojozor" {speed, rCorr}
  4507 | D:4      | Reached XP level 5. HP: 28/28 MP: 10/14
  5170 | D:5      | Entered Level 5 of the Dungeon
  5222 | D:5      | Noticed a water moccasin
  5235 | D:5      | Killed a water moccasin
  5236 | D:5      | Reached XP level 6. HP: 16/32 MP: 4/16
  5439 | D:5      | Reached skill level 6 in Spellcasting
  5843 | D:5      | Found a staircase to the Ecumenical Temple.
  6929 | Temple   | Entered the Ecumenical Temple
  7157 | Temple   | Became a worshipper of Sif Muna the Loreminder
  7255 | D:6      | Noticed a sky beast
  7297 | D:5      | Reached XP level 7. HP: 12/36 MP: 14/19
  7493 | D:5      | Learned a level 5 spell: Borgnjor's Vile Clutch
  7917 | D:6      | Reached skill level 7 in Spellcasting
  7933 | D:6      | Reached skill level 1 in Necromancy
  7960 | D:6      | Reached skill level 5 in Stealth
  9230 | D:6      | Found a runed translucent door.
  9236 | D:6      | Learned a level 4 spell: Passage of Golubria
  9420 | D:6      | HP: 1/36 [sky beast (6)]
  9453 | D:6      | Reached XP level 8. HP: 11/41 MP: 17/21
 10217 | D:6      | Noticed goupaloupa's ghost (novice DsFi)
 10574 | D:7      | Found a large runed translucent door.
 10574 | D:7      | Found a large runed translucent door.
 10874 | D:8      | HP: 2/41 [water moccasin (4)]
 10875 | D:8      | Slain by a water moccasin

Illustrated notes

Levels and vault maps discovered:
D:1:      minmay_arrival_radiant_lines, layout_loops_ring
D:2:      layout_rooms, basic_altar
D:3:      layout_rooms, hellmonk_ecumenical_altar_crossroads,
          grunt_ministairs_9, minmay_misc_feat_rugged, kennysheep_generic_room_9
D:4:      layout_loops_ring
D:5:      layout_basic, minmay_temple_entry_slanted
D:6:      layout_loops_ring, ebering_ghost_reflecting_pool
D:7:      layout_cave_pools, elyvilon_altar_4, jmf_multi_god_temple2
D:8:      layout_basic, hangedman_decor_peaks_small, uniq_erica
Temple:   nicolae_temple_bog_church

Skill      XL: |  1  2  3  4  5  6  7 |
---------------+----------------------+-----
Stealth        | 3 4 5 |  5.5
Dodging        | 3 |  3.0
Translocations | 2 3 4 |  4.0
Conjurations   | 2 3 4 |  4.1
Summonings     | 2 3 |  3.2
Spellcasting   | 5 6 7 |  7.9
Necromancy     | 3 |  3.3

Action                     |  1- 3 |  4- 6 |  7- 9 || total
---------------------------+-------+-------+-------++-------
  Melee: Dagger            |     4 |    14 |       ||    18
         Falchion          |       |    47 |    71 ||   118
         Punch             |       |     1 |       ||     1
   Cast: Magic Dart        |    95 |   117 |    13 ||   225
         Call Imp          |       |     7 |    14 ||    21
         Blink             |       |     3 |     5 ||     8
         Mephitic Cloud    |       |       |     2 ||     2
  Evoke: Wand              |       |       |     4 ||     4
    Use: Potion            |     3 |     2 |       ||     5
         Scroll            |     2 |     3 |       ||     5
 Armour: Robe              |     3 |    35 |    42 ||    80
         Skin              |       |     9 |       ||     9
  Dodge: Dodged            |     5 |    58 |    85 ||   148

Table legend: (Time is in decaauts)
 A = Elapsed time spent in this place.
 B = Non-inter-level travel time spent in this place.
 C = Inter-level travel time spent in this place.
 D = Time resting spent in this place.
 E = Time spent auto-exploring this place.
 F = Levels seen in this place.
 G = Mean time per level.
                   A        B        C        D        E       F      G
               +--------+--------+--------+--------+--------+-----+--------+
         Total |  10925 |  10684 |    241 |   5482 |   3965 |   9 | 1213.9 |
       Dungeon |  10652 |  10429 |    223 |   5482 |   3767 |   8 | 1331.5 |
        Temple |    273 |    255 |     18 |      0 |    198 |   1 |  273.0 |
               +--------+--------+--------+--------+--------+-----+--------+

Top non-repeatable levels by time:
     D:6: 2803 daAuts
     D:5: 2365 daAuts
     D:3: 1695 daAuts
     D:2: 1433 daAuts
     D:1: 1267 daAuts
     D:4: 772 daAuts
     D:8: 278 daAuts
  Temple: 273 daAuts
     D:7: 34 daAuts
